 Dungeon Sprint DCSS version 0.26-a0-660-gc07710193c (webtiles) character file.

Game seed: 14601110958112763087

39298 mhtbhm the Metallomancer (level 14, -4/72 HPs)
             Began as a Gargoyle Earth Elementalist on Oct 6, 2020.
             Was the Champion of Vehumet.
             Shot with a bolt by a yaktaur captain (24 damage)
             ... in the Dungeon (Sprint III: "The Ten Rune Challenge").
             The game lasted 00:19:28 (4995 turns).

mhtbhm the Metallomancer (GrEE)                     Turns: 4995, Time: 00:19:29

Health: -4/72      AC: 14    Str: 11    XL:     14   Next: 5%
Magic:  30/39      EV: 16    Int: 24    God:    Vehumet [******]
Gold:   920        SH:  0    Dex: 10    Spells: 1/56 levels left

rFire    + . .     SeeInvis .   C - staff of fire
rCold    + . .     Faith    .   (no shield)
rNeg     + . .     Spirit   .   c - +2 robe {rC+}
rPois    ∞         Reflect  .   (helmet restricted)
rElec    +         Harm     .   s - scarf {repulsion}
rCorr    .         Rampage  .   (no gloves)
MR       +....     NoTele   +   (no boots)
Stlth    ++........             t - amulet of magic regeneration
HPRegen  0.22/turn              (no ring)
MPRegen  0.51/turn              (no ring)

@: flying, repel missiles
A: big wings, fangs 1, horns 1, clever 1, negative energy resistance 1,
screaming 1, electricity resistance, unbreathing, petrification resistance, rot
immunity, MP-powered wands, AC +10
a: Stop Flying, Renounce Religion


You were in the Dungeon.
You worshipped Vehumet.
Vehumet was exalted by your worship.
You visited 1 branch You collected 2590 gold pieces.
You spent 1670 gold pieces at shops.

Inventory:

Hand Weapons
 r - a +0 whip
Missiles
 b - 7 stones (quivered)
 g - 7 curare-tipped darts
 q - 6 javelins
Armour
 c - a +2 robe of cold resistance (worn)
 s - a scarf of repulsion (worn)
Magical Staves
 C - an uncursed staff of fire (weapon)
Jewellery
 t - an amulet of magic regeneration (around neck)
Wands
 p - a wand of iceblast (5)
 v - a wand of acid (9)
 x - a wand of random effects (20)
Scrolls
 a - 17 scrolls of identify
 i - a scroll of blinking
 k - 2 scrolls of holy word {unknown}
 m - a scroll of torment {unknown}
 n - a scroll of remove curse {unknown}
 z - a scroll of immolation {unknown}
Potions
 d - 3 potions of curing
 e - a potion of heal wounds
 f - a potion of haste
 h - 2 potions of berserk rage
 j - a potion of might
 l - 4 potions of flight
 u - a potion of invisibility
Miscellaneous
 o - a condenser vane (2/2)
 w - a tin of tremorstones (3/3)
 A - a tin of tremorstones (3/3)


   Skills:
 + Level 2.6 Fighting
 + Level 1.1 Maces & Flails
 * Level 9.1 Dodging
 - Level 2.4 Stealth
 + Level 21.7 Spellcasting
 + Level 4.9 Conjurations
 + Level 2.6 Transmutations
 + Level 2.3 Fire Magic
 + Level 26.0 Earth Magic
 + Level 2.1 Evocations


You had one spell level left.
You knew the following spells:

 Your Spells              Type           Power        Failure   Level
a - Sandblast             Erth           ######       0%          1
b - Passwall              Tmut/Erth      #######.     0%          2
c - Stone Arrow           Conj/Erth      ######       0%          3
d - Lee's Rapid Deconstr  Erth           ########..   0%          5
e - Petrify               Tmut/Erth      #######.     1%          4
f - Sticky Flame          Conj/Fire      ######..     1%          4
g - Bolt of Magma         Conj/Fire/Erth #######...   1%          5
h - Iron Shot             Conj/Erth      #######...   1%          6
i - Ignition              Fire           ######....   100%        8
j - Shatter               Erth           ########..   1%          9
k - Lehudib's Crystal Sp  Conj/Erth      #######...   5%          8

Your spell library contained the following spells:

 Spells                   Type           Power        Failure   Level
 Fire Storm               Conj/Fire      ######....   100%        9
 Confusing Touch          Hex            ####....     4%          3
 Gell's Gravitas          Tloc           ####......   4%          3
 Yara's Violent Unravell  Hex/Tmut       ####......   7%          5
 Metabolic Englaciation   Hex/Ice        ####......   41%         5


Dungeon Overview and Level Annotations

Branches:
Dungeon (1/1)

Altars:
Cheibriados
Dithmenos
Elyvilon
Fedhas
Gozag
Hepliaklqana
Kikubaaqudgha
Makhleb
Nemelex Xobeh
Okawaru
Qazlal
Ru
Sif Muna
Trog
Uskayaw
Vehumet
Wu Jian
Xom
Yredelemnul
Zin
The Shining One
Beogh
Jiyva
Lugonu

Shops:
D *?!=:=}!(}[}


Innate Abilities, Weirdness & Mutations

You are resistant to torment.
Your stone body is resilient. (AC +10)
You are immune to poison.
Your large and strong wings let you fly indefinitely.
You resist negative energy. (rN+)
You are resistant to electric shocks. (rElec)
You can survive without breathing.
You are immune to petrification.
You are immune to rotting.
You have very sharp teeth.
You have a pair of small horns on your head.
Your mind is acute. (Int +2)
You occasionally shout uncontrollably at your foes.
You expend magic power (3 MP) to strengthen your wands.


Message History

Confirm with . or Enter, or press ? or * to list all spells.
Aiming: Lee's Rapid Deconstruction (safe; 0% risk of failure)
Press: ? - help, Dir - move target cursor A stone wall.
The wall shatters!
The blast of rock fragments hits the yaktaur captain!!
The yaktaur captain is heavily wounded.
The yaktaur captain shoots a bolt.
The bolt hits you!!
* * * LOW HITPOINT WARNING * * *
You hear a sizzling splash.
Casting: Lee's Rapid Deconstruction (safe; 0% risk of failure)
Confirm with . or Enter, or press ? or * to list all spells.
Aiming: Lee's Rapid Deconstruction (safe; 0% risk of failure)
Press: ? - help, Dir - move target cursor A stone wall.
The wall shatters!
The blast of rock fragments hits the yaktaur captain!!
The yaktaur captain is almost dead.
The yaktaur captain shoots a bolt.
The bolt hits you!!
You die...

♣♣♣PP##.#.#.########## ###
♣♣♣##'######## # #§§
#.).+.§≈≈≈# ≈# #§§
#)..#.≈≈§§# ≈≈# #§§
#...#.#§≈≈## #§§# #§.
#####.#)≈§≈###≈§≈# +§§
#.....###≈≈≈§≈§≈≈###########
#[)...#§#)≈≈≈≈≈≈≈#(..#)..#..
#○.[..#§###@≈§≈§≈#...#...#..
#....P#.☼.#)§§§≈≈##'###'##..
#'#####..○###≈≈###.(.....'..
#.☼...'...).#c##.#.#####.###
#.#############..'.#(..'(#).
#.#[P.........'..#######.'..
#☼#.P.....########.. ..#.###
#.#.....###.∩⌠⌠∩.#..#..#.#..
#.#.).###.#.∩⌠⌠∩.#.#.#.#.'..


You could see a yaktaur captain.

Vanquished Creatures
  A lich (D)
  2 sphinxes (D)
  Chuck (D)
  Frances (D)
  Donald (D)
  A mummy priest (D)
  2 yaktaur captains (D)
  A fire dragon (D)
  3 centaur warriors (D)
  Urug (D)
  4 dancing weapons (D)
  4 hell knights (D)
  3 deep elf knights (D)
  An iron golem (D)
  2 skeletal warriors (D)
  An unseen horror (D)
  A death drake (shapeshifter) (D)
  A lindwurm (D)
  An orange crystal statue (D)
  3 deep elf magi (D)
  An orc knight (D)
  4 crystal guardians (D)
  3 ugly things (D)
  An orc sorcerer (D)
  2 cane toads (D)
  A rime drake (D)
  2 yaktaurs (D)
  A komodo dragon (D)
  A queen bee (D)
  3 wandering mushrooms (D)
  2 guardian mummies (D)
  4 spriggan defenders (D)
  3 orc high priests (D)
  3 slime creatures (D)
  2 tyrant leeches (D)
  3 redbacks (D)
  A shadow (D)
  A spatial vortex (D)
  A floating eye (shapeshifter) (D)
  A floating eye (D)
  5 orc warriors (D)
  A swamp drake (D)
  A necrophage (D)
  2 centaurs (D)
  An earth elemental (D)
  A water elemental (D)
  31 killer bees (D)
  A jelly (D)
  2 orc priests (D)
  3 orc wizards (D)
  A wizard (D)
  2 necromancers (D)
  3 humans (D)
  A kobold demonologist (D)
  A wolf (D)
  2 oozes (D)
  7 orcs (D)
  2 rats (D)
142 creatures vanquished.

Vanquished Creatures (collateral kills)
  A killer bee (D)
1 creature vanquished.

Vanquished Creatures (others)
  Erica (D)
  A bush (D)
  12 plants (D)
14 creatures vanquished.

Grand Total: 157 creatures vanquished

Notes
Turn   | Place    | Note
-------+----------+-------------------------------------------
     0 | D        | mhtbhm the Gargoyle Earth Elementalist began the quest for
                  | the Orb.
     0 | D        | Reached XP level 1. HP: 10/10 MP: 3/3
     8 | D        | Reached skill level 4 in Earth Magic
    14 | D        | Reached XP level 2. HP: 12/15 MP: 0/5
    67 | D        | Learned a level 2 spell: Passwall
    95 | D        | Reached skill level 5 in Earth Magic
   113 | D        | Gained mutation: Your body sometimes deteriorates upon
                  | taking damage. [potion of mutation]
   113 | D        | Gained mutation: You can translocate small distances at
                  | will. [potion of mutation]
   113 | D        | Gained mutation: Your flesh is heat resistant. (rF+)
                  | [potion of mutation]
   113 | D        | Gained mutation: You have an increased reservoir of magic.
                  | (+10% MP) [potion of mutation]
   114 | D        | Lost mutation: You can translocate small distances at will.
                  | [potion of mutation]
   114 | D        | Lost mutation: Your body sometimes deteriorates upon taking
                  | damage. [potion of mutation]
   114 | D        | Gained mutation: You expend magic power (3 MP) to
                  | strengthen your wands. [potion of mutation]
   114 | D        | Lost mutation: Your flesh is heat resistant. (rF+) [potion
                  | of mutation]
   114 | D        | Gained mutation: You are robust. (+10% HP) [potion of
                  | mutation]
   115 | D        | Lost mutation: You have an increased reservoir of magic.
                  | (+10% MP) [potion of mutation]
   115 | D        | Lost mutation: You are robust. (+10% HP) [potion of
                  | mutation]
   115 | D        | Gained mutation: Your mind is acute. (Int +2) [potion of
                  | mutation]
   115 | D        | Gained mutation: You have very sharp teeth. [potion of
                  | mutation]
   115 | D        | Gained mutation: You occasionally shout uncontrollably at
                  | your foes. [potion of mutation]
   115 | D        | Gained mutation: You have a pair of small horns on your
                  | head. [potion of mutation]
   197 | D        | Reached skill level 6 in Earth Magic
   197 | D        | Reached XP level 3. HP: 11/19 MP: 2/8
   198 | D        | Reached skill level 1 in Transmutations
   259 | D        | Learned a level 3 spell: Stone Arrow
   333 | D        | Noticed a water elemental
   337 | D        | Killed a water elemental
   337 | D        | Reached skill level 5 in Spellcasting
   337 | D        | Reached skill level 8 in Earth Magic
   337 | D        | Reached XP level 4. HP: 24/24 MP: 2/11
   412 | D        | Found a radiant altar of Vehumet.
   412 | D        | Found a shimmering blue altar of Sif Muna.
   412 | D        | Found an ancient bone altar of Kikubaaqudgha.
   412 | D        | Noticed a wizard
   413 | D        | Killed a wizard
   413 | D        | Reached XP level 5. HP: 28/28 MP: 11/13
   418 | D        | Reached skill level 9 in Earth Magic
   492 | D        | Learned a level 5 spell: Lee's Rapid Deconstruction
   497 | D        | Learned a level 4 spell: Petrify
   506 | D        | Found a basalt altar of Yredelemnul.
   506 | D        | Found a shadowy altar of Dithmenos.
   506 | D        | Found a sacrificial altar of Ru.
   506 | D        | Noticed a necrophage
   511 | D        | Killed a necrophage
   511 | D        | Reached skill level 10 in Earth Magic
   511 | D        | Reached XP level 6. HP: 27/32 MP: 4/16
   578 | D        | Became a worshipper of Vehumet
   593 | D        | Found a hide-covered altar of Uskayaw.
   593 | D        | Found a roughly hewn altar of Beogh.
   593 | D        | Found an iron altar of Okawaru.
   593 | D        | Found a bloodstained altar of Trog.
   593 | D        | Found an ornate altar of the Wu Jian Council.
   593 | D        | Noticed a human
   593 | D        | Noticed a human
   595 | D        | Killed a human
   595 | D        | Reached skill level 1 in Conjurations
   595 | D        | Reached skill level 11 in Earth Magic
   597 | D        | Killed a human
   597 | D        | Reached skill level 1 in Fighting
   597 | D        | Reached skill level 12 in Earth Magic
   597 | D        | Reached XP level 7. HP: 38/38 MP: 0/20
   762 | D        | Found a glowing silver altar of Zin.
   762 | D        | Found a glowing golden altar of the Shining One.
   762 | D        | Found a white marble altar of Elyvilon.
   762 | D        | Noticed a deep elf mage
   764 | D        | Noticed a hellwing
   764 | D        | Killed a deep elf mage
   764 | D        | Reached * piety under Vehumet
   764 | D        | Offered knowledge of Freeze by Vehumet.
   764 | D        | Reached skill level 13 in Earth Magic
   764 | D        | Reached XP level 8. HP: 43/43 MP: 10/23
   844 | D        | Noticed a shadow
   847 | D        | Killed a shadow
   847 | D        | Reached skill level 14 in Earth Magic
   931 | D        | Found a blossoming altar of Fedhas.
   931 | D        | Found a stormy altar of Qazlal.
   931 | D        | Found a snail-covered altar of Cheibriados.
   931 | D        | Found a burning altar of Makhleb.
   931 | D        | Found a shimmering altar of Xom.
   932 | D        | Found a hazy altar of Hepliaklqana.
   932 | D        | Found an opulent altar of Gozag.
   932 | D        | Found a sparkling altar of Nemelex Xobeh.
   932 | D        | Found a corrupted altar of Lugonu.
   932 | D        | Found a viscous altar of Jiyva.
   934 | D        | Reached ** piety under Vehumet
   934 | D        | Offered knowledge of Shock by Vehumet.
   995 | D        | Noticed Erica
  1010 | D        | Killed Erica
  1010 | D        | Reached skill level 15 in Earth Magic
  1010 | D        | Reached XP level 9. HP: 31/48 MP: 4/25
  1179 | D        | Offered knowledge of Static Discharge by Vehumet.
  1179 | D        | Reached skill level 16 in Earth Magic
  1179 | D        | Noticed a centaur warrior
  1183 | D        | Killed a centaur warrior
  1183 | D        | Reached *** piety under Vehumet
  1367 | D        | Killed an unseen horror
  1367 | D        | Reached skill level 17 in Earth Magic
  1491 | D        | Noticed a queen bee
  1492 | D        | Offered knowledge of Sticky Flame by Vehumet.
  1492 | D        | Reached XP level 10. HP: 53/53 MP: 23/28
  1492 | D        | Reached **** piety under Vehumet
  1494 | D        | Reached ***** piety under Vehumet
  1499 | D        | Reached ****** piety under Vehumet
  1504 | D        | Reached skill level 18 in Earth Magic
  1504 | D        | Reached skill level 15 in Spellcasting
  1623 | D        | Learned a level 4 spell: Sticky Flame
  1628 | D        | Offered knowledge of Bolt of Magma by Vehumet.
  1632 | D        | Reached skill level 1 in Evocations
  1639 | D        | Learned a level 5 spell: Bolt of Magma
  1723 | D        | Found Dueturr's Assorted Antiques.
  1723 | D        | Noticed an orc knight
  1724 | D        | Offered knowledge of Starburst by Vehumet.
  1729 | D        | Killed an orc knight
  1744 | D        | Noticed an orc sorcerer
  1751 | D        | Killed an orc sorcerer
  1751 | D        | Reached skill level 19 in Earth Magic
  1788 | D        | Reached XP level 11. HP: 38/57 MP: 4/30
  1877 | D        | Noticed a deep elf knight
  1877 | D        | Noticed a deep elf mage
  1877 | D        | Noticed a deep elf knight
  1877 | D        | Noticed a deep elf knight
  1877 | D        | Noticed a deep elf mage
  1888 | D        | Killed a deep elf mage
  1888 | D        | Reached skill level 1 in Fire Magic
  1890 | D        | Killed a deep elf knight
  1891 | D        | Killed a deep elf mage
  1891 | D        | Offered knowledge of Orb of Destruction by Vehumet.
  1892 | D        | Killed a deep elf knight
  1892 | D        | Reached skill level 20 in Earth Magic
  1894 | D        | Killed a deep elf knight
  2100 | D        | Noticed Donald
  2100 | D        | Noticed Frances
  2101 | D        | Noticed a soul eater
  2104 | D        | Killed Donald
  2109 | D        | Killed Frances
  2109 | D        | Reached skill level 21 in Earth Magic
  2380 | D        | Offered knowledge of Fireball by Vehumet.
  2380 | D        | Reached XP level 12. HP: 64/64 MP: 15/34
  2604 | D        | Noticed Urug
  2614 | D        | Killed Urug
  2614 | D        | Reached skill level 22 in Earth Magic
  2841 | D        | Offered knowledge of Iskenderun's Battlesphere by Vehumet.
  3063 | D        | Paralysed by a floating eye for 2 turns
  3066 | D        | Noticed a yaktaur captain
  3110 | D        | Offered knowledge of Iron Shot by Vehumet.
  3209 | D        | Found Goarub's Gadget Emporium.
  3209 | D        | Found Olair's Antique Weapon Shop.
  3209 | D        | Found Sytish's Book Boutique.
  3209 | D        | Found Uxux's Jewellery Boutique.
  3209 | D        | Found Urhir's Distillery.
  3209 | D        | Found Luekuzoq's Jewellery Shoppe.
  3209 | D        | Found Subegeth's Gadget Shop.
  3209 | D        | Found Timah's Distillery.
  3209 | D        | Found Cyawy's Antique Armour Emporium.
  3209 | D        | Found Atevabej's Magic Scroll Emporium.
  3209 | D        | Found Ofoat's Gadget Boutique.
  3243 | D        | Bought an embroidered scarf for 176 gold pieces
  3247 | D        | Bought an uncursed amulet of magic regeneration for 390
                  | gold pieces
  3257 | D        | Bought a potion of heal wounds for 50 gold pieces
  3257 | D        | Bought a potion of heal wounds for 50 gold pieces
  3257 | D        | Bought a potion of invisibility for 80 gold pieces
  3268 | D        | Learned a level 6 spell: Iron Shot
  3274 | D        | Bought a wand of acid (9) for 364 gold pieces
  3278 | D        | Bought a tin of tremorstones (3/3) for 560 gold pieces
  3326 | D        | Reached skill level 1 in Maces & Flails
  3326 | D        | Reached skill level 23 in Earth Magic
  3550 | D        | Noticed a centaur warrior
  3552 | D        | Killed a centaur warrior
  3703 | D        | Found the +7 sceptre of Torment {pain, torment}
  3724 | D        | Noticed a centaur warrior
  3726 | D        | Killed a centaur warrior
  3743 | D        | Noticed a fire dragon
  3756 | D        | Killed a fire dragon
  3756 | D        | Offered knowledge of Conjure Ball Lightning by Vehumet.
  3833 | D        | Reached skill level 5 in Dodging
  3833 | D        | Reached XP level 13. HP: 68/68 MP: 25/36
  4001 | D        | Reached skill level 24 in Earth Magic
  4031 | D        | Offered knowledge of Ignition by Vehumet.
  4101 | D        | Noticed a yaktaur captain
  4106 | D        | Killed a yaktaur captain
  4225 | D        | Learned a level 8 spell: Ignition
  4246 | D        | Offered knowledge of Lehudib's Crystal Spear by Vehumet.
  4246 | D        | Offered knowledge of Fire Storm by Vehumet.
  4246 | D        | Offered knowledge of Shatter by Vehumet.
  4305 | D        | Learned a level 9 spell: Shatter
  4309 | D        | Noticed a lich
  4312 | D        | Killed a lich
  4352 | D        | Reached skill level 25 in Earth Magic
  4382 | D        | Noticed a sphinx
  4382 | D        | Noticed a sphinx
  4382 | D        | Noticed a mummy priest
  4388 | D        | Killed a mummy priest
  4389 | D        | Killed a sphinx
  4389 | D        | Killed a sphinx
  4617 | D        | Noticed Chuck
  4621 | D        | Killed Chuck
  4621 | D        | Gained mutation: Your large and strong wings let you fly
                  | indefinitely. [Gargoyle growth]
  4621 | D        | Reached XP level 14. HP: 34/72 MP: 18/39
  4810 | D        | Learned a level 8 spell: Lehudib's Crystal Spear
  4915 | D        | Reached skill level 26 in Earth Magic
  4995 | D        | Shot with a bolt by a yaktaur captain

Illustrated notes

Levels and vault maps discovered:
D:        dungeon_sprint_mu [sprint_mu_entry_cave, sprint_mu_temple_rooms,
          sprint_mu_d1_horrors, sprint_mu_d2_genie, sprint_mu_d3_branching,
          sprint_mu_orc_legion, sprint_mu_elf_gauntlet, sprint_mu_hive_nellie,
          sprint_mu_lair_fedhas, sprint_mu_vaults_butterflies,
          sprint_mu_slime_circle, sprint_mu_swamp_cave, sprint_mu_snake_twists,
          sprint_mu_blade_basic, sprint_mu_crypt_fortress,
          sprint_mu_tomb_spiral, sprint_mu_vestibule_basic,
          sprint_mu_gehenna_hellfire, sprint_mu_dis_giant,
          sprint_mu_tartarus_statrot, sprint_mu_cocytus_islands, sprint_mu_zot1]

Skill      XL: |  1  2  3  4  5  6  7  8  9 10 11 12 13 14 |
---------------+-------------------------------------------+-----
Earth Magic    | 4 6 8 10 12 13 15 17 19 21 23 25 26 | 26.0
Dodging        | 2 3 5 8 9 |  9.1
Spellcasting   | 3 5 7 9 11 12 14 15 18 19 21 | 21.7
Transmutations | 1 2 |  2.6
Conjurations   | 1 2 3 4 |  4.9
Fighting       | 1 2 |  2.6
Evocations     | 1 2 |  2.1
Fire Magic     | 1 2 |  2.3
Maces & Flails | 1 |  1.1
Stealth        | |  2.4

Action                   |  1- 3 |  4- 6 |  7- 9 | 10-12 | 13-15 || total
-------------------------+-------+-------+-------+-------+-------++-------
Melee: Unarmed           |     3 |       |       |     1 |       ||     4
       Whip              |       |       |       |     7 |     1 ||     8
       Headbutt          |       |       |       |     2 |       ||     2
       Bite              |       |       |       |     1 |       ||     1
       Staff             |       |       |       |       |     4 ||     4
 Cast: Sandblast         |    16 |    10 |       |     3 |       ||    29
       Passwall          |     1 |       |       |     1 |       ||     2
       Stone Arrow       |     1 |     1 |       |    21 |       ||    23
       Lee's Rapid Decon |       |     3 |    22 |    83 |    48 ||   156
       Bolt of Magma     |       |       |       |     8 |     2 ||    10
       Petrify           |       |       |       |     3 |     7 ||    10
       Sticky Flame      |       |       |       |     2 |       ||     2
       Iron Shot         |       |       |       |       |     5 ||     5
 Abil: Fly               |       |       |       |       |     1 ||     1
Evoke: Condenser vane    |       |       |     2 |     4 |       ||     6
  Use: Potion            |     4 |       |       |     3 |       ||     7
Armor: Robe              |       |       |       |    11 |     2 ||    13
Dodge: Dodged            |     5 |     3 |     3 |    19 |     5 ||    35

Table legend: (Time is in decaauts)
 A = Elapsed time spent in this place.
 B = Non-inter-level travel time spent in this place.
 C = Inter-level travel time spent in this place.
 D = Time resting spent in this place.
 E = Time spent auto-exploring this place.
 F = Levels seen in this place.
 G = Mean time per level.
                   A        B        C        D        E       F      G
               +--------+--------+--------+--------+--------+-----+--------+
         Total |   5013 |   5013 |      0 |   3403 |     14 |   1 | 5013.0 |
       Dungeon |   5013 |   5013 |      0 |   3403 |     14 |   1 | 5013.0 |
               +--------+--------+--------+--------+--------+-----+--------+

Top non-repeatable levels by time:
       D: 5013 daAuts
